 Dungeon Crawl Stone Soup version 0.31-a0-841-g038b102fc3 (webtiles) character file.

Game seed: 11320927521233221937

179 kiwi3s the Ruffian (level 5, -1/66 HPs)
             Began as a Draconian Shapeshifter on Sept 27, 2023.
             Slain by an iguana (8 damage)
             ... on level 4 of the Dungeon.
             The game lasted 00:04:35 (2166 turns).

kiwi3s the Ruffian (Draconian Shapeshifter)         Turns: 2166, Time: 00:04:36

Health: -1/66      AC: 22    Str: 16    XL:     5   Next: 33%
Magic:  5/5        EV:  2    Int: 13    God:
Gold:   172        SH:  0    Dex: 10    Spells: 4/4 levels left

rFire   . .          .
                       - Unarmed
rCold   . . .        (no shield)
rNeg    . . .        (body armour unavailable)
rPois   +            (helmet currently unavailable)
rElec   .            (cloak currently unavailable)
rCorr   .            (gloves currently unavailable)
SInv    .            (boots currently unavailable)
Will    .....        (no amulet)
Stlth   +            (no ring)
HPRegen 0.31/turn    (no ring)
MPRegen 0.09/turn

%: no passive effects
@: tree-form
A: stationary, stasis, torment immunity, boosted hp, AC +5, unfitting armour,
(cold-blooded)
a: no special abilities


You were on level 4 of the Dungeon.
You were a tree.
You visited 1 branch of the dungeon, and saw 4 of its levels.

You collected 172 gold pieces.

Inventory:

Armour
 l - the orb of the Sun {*channel, rElec Str-4 Dex+4 Stlth+}
   (You found it on level 3 of the Dungeon)

   Str-4:     It affects your strength (-4).
   Dex+4:     It affects your dexterity (+4).
   rElec:     It insulates you from electricity.
   Stlth+:    It makes you more stealthy.
Jewellery
 n - a ring of magical power
Talismans
 b - a beast talisman
 c - a flux talisman
 j - a beast talisman
Scrolls
 e - a scroll of enchant armour {unknown}
 f - a scroll of identify
 m - a scroll of brand weapon {unknown}
 o - a scroll of fog {unknown}
 p - a scroll of enchant weapon {unknown}
 r - a scroll of poison
Potions
 g - 2 potions of enlightenment
 h - a potion of brilliance {unknown}
 i - a potion of degeneration {unknown}
 k - a potion of heal wounds {unknown}
 q - a potion of cancellation {unknown}


   Skills:
 + Level 2.9 Fighting
 + Level 2.9 Dodging
 + Level 4.0 Unarmed Combat
 + Level 3.8 Shapeshifting


You had 4 spell levels left.
You didn't know any spells.
Your spell library contained the following spells:

 Spells                   Type           Power      Damage    Failure   Level
 Blink                    Tloc           0%         N/A       43%         2
 Lesser Beckoning         Tloc           0%         N/A       43%         2
 Momentum Strike          Conj/Tloc      0%         3d8       43%         2


Dungeon Overview and Level Annotations

Branches:
Dungeon (4/15)
 Temple: D:4-7

Altars:
Qazlal
Trog
Uskayaw
Vehumet


Innate Abilities, Weirdness & Mutations

You are a tree.
Your roots penetrate the ground, keeping you stationary.
You cannot be teleported.
You are immune to unholy pain and torment.
Your maximum health is greatly increased.
Your equipment is partially melded.
((Your plain brown scales are hard. (AC +5)))
You cannot fit into any form of body armour.
((You are cold-blooded and may be slowed by cold attacks.))


Message History

You barely miss the gnoll.
The iguana hisses angrily.
You punch the gnoll.
The gnoll is almost dead.
The gnoll hits you but does no damage. x2; The gnoll hits you with a +0 spear.
* * * LOW HITPOINT WARNING * * *
The gnoll hits you but does no damage.
You hit the gnoll.
The gnoll is almost dead.
The gnoll hits you but does no damage. x2; The gnoll barely misses you.
The gnoll completely misses you.
You hit the gnoll.
You kill the gnoll!
The gnoll hits you but does no damage. x3
Unknown command.
You completely miss the gnoll. The gnoll barely misses you.
The gnoll hits you from afar with a +0 halberd.
* * * LOW HITPOINT WARNING * * *
The gnoll barely misses you.
Unknown command.
You smack the gnoll!
You kill the gnoll!
Unknown command.
You hit the gnoll.
The gnoll is moderately wounded.
The gnoll hits you but does no damage.
The gnoll hits you from afar with a +0 halberd.
* * * LOW HITPOINT WARNING * * *
Unknown command.
You completely miss the gnoll.
The gnoll is moderately wounded.
The gnoll hits you but does no damage. x2
Unknown command.
You smack the gnoll!
You kill the gnoll!
The iguana bites you but does no damage.
The gnoll hits you but does no damage.
Your Unarmed Combat skill increases to level 4!
You hit the iguana but do no damage. The iguana bites you!
You die...

... .. .. #.
.... #.. .#.
...# ##..
.....#####.g#
........|l.#
#.# #.##♣)#
#..##.##.#####
#...........#
###....†.###.#
#...####.#
#.### #.#
####.######..
#..).....###..
#..†.....# ##


You could see an iguana and a gnoll.

Vanquished Creatures
  A scorpion (D:4)
  3 gnolls (D:4)
  2 adders (D:3)
  3 dart slugs
  An orc (D:3)
  10 endoplasms
  3 giant cockroaches
  4 goblins
  7 hobgoblins
  A quokka (D:1)
  4 ball pythons
  8 bats
  2 frilled lizards (D:1)
  6 kobolds
  7 rats
62 creatures vanquished.

Notes
Turn   | Place    | Note
-------+----------+-------------------------------------------
     0 | D:1      | kiwi3s the Draconian Shapeshifter began the quest for the
                  | Orb.
     0 | D:1      | Reached XP level 1. HP: 16/16 MP: 1/1
    94 | D:1      | Reached XP level 2. HP: 13/23 MP: 2/2
   560 | D:2      | Reached XP level 3. HP: 18/29 MP: 3/3
   979 | D:3      | Identified the orb of the Sun {*channel, rElec Str-4 Dex+4
                  | Stlth+}
   983 | D:3      | Found a hide-covered altar of Uskayaw.
  1023 | D:3      | Found a bloodstained altar of Trog.
  1272 | D:3      | Found a stormy altar of Qazlal.
  1303 | D:3      | Found a radiant altar of Vehumet.
  1347 | D:3      | Reached XP level 4. HP: 33/36 MP: 4/4
  1995 | D:4      | Noticed a scorpion
  2009 | D:4      | Killed a scorpion
  2010 | D:4      | Reached XP level 5. HP: 16/42 MP: 5/5
  2166 | D:4      | Reached skill level 4 in Unarmed Combat
  2166 | D:4      | Slain by an iguana

Illustrated notes

Levels and vault maps discovered:
D:1:      spicycebolla_arrival_clurvy, layout_rooms
D:2:      layout_rooms
D:3:      layout_loops_corners, mainiacjoe_overflow_concentric_impassable,
          mainiacjoe_overflow_two_lobes, mainiacjoe_overflow_six_doors_small,
          minmay_door_square
D:4:      layout_rooms, mainiacjoe_overflow_catwalk,
          minmay_temple_entry_metal_lava, uniq_edmund

Skill      XL: |  1  2  3  4  5 |
---------------+----------------+-----
Dodging        | 2 |  2.9
Fighting       | 2 |  2.9
Unarmed Combat | 4 |  4.0
Shapeshifting  | |  3.8

Action                     |  1- 3 |  4- 6 || total
---------------------------+-------+-------++-------
  Melee: Unarmed           |   127 |    52 ||   179
         Tailslap          |    12 |     2 ||    14
         Punch             |     1 |     2 ||     3
    Use: Scroll            |       |     2 ||     2
         Potion            |       |     2 ||     2
 Armour: Skin              |    63 |    55 ||   118
  Dodge: Dodged            |    90 |    27 ||   117
   Form: Flux              |     1 |       ||     1
         Beast             |     1 |       ||     1

Table legend: (Time is in decaauts)
 A = Elapsed time spent in this place.
 B = Non-inter-level travel time spent in this place.
 C = Inter-level travel time spent in this place.
 D = Time resting spent in this place.
 E = Time spent auto-exploring this place.
 F = Levels seen in this place.
 G = Mean time per level.
                   A        B        C        D        E       F      G
               +--------+--------+--------+--------+--------+-----+--------+
         Total |   2161 |   2105 |     56 |      0 |   1693 |   4 |  540.2 |
       Dungeon |   2161 |   2105 |     56 |      0 |   1693 |   4 |  540.2 |
               +--------+--------+--------+--------+--------+-----+--------+

Top non-repeatable levels by time:
     D:3: 1022 daAuts
     D:1: 498 daAuts
     D:2: 471 daAuts
     D:4: 168 daAuts
